 Dungeon Crawl Stone Soup version 0.28.0 (webtiles) character file.

Game seed: 875570140870166073

55 crabbyslav the Skirmisher (level 3, 0/40 HPs)
             Began as an Ogre Cinder Acolyte on Feb 10, 2022.
             Was a High Priest of Ignis.
             Succumbed to an adder's poison
             ... on level 2 of the Dungeon.
             The game lasted 00:01:30 (1607 turns).

crabbyslav the Skirmisher (Ogre Cinder Acolyte)     Turns: 1607, Time: 00:01:31

Health: 0/40       AC:  3    Str: 18    XL:     3   Next: 93%
Magic:  1/5        EV:  9    Int: 17    God:    Ignis [*****.]
Gold:   27         SH:  0    Dex: 10    Spells: 3/5 levels left

rFire   + . .      SeeInvis .   a - -1 mace (flame)
rCold   . . .      Faith    .   (no shield)
rNeg    . . .      Spirit   .   b - +0 robe
rPois   .          Reflect  .   (helmet restricted)
rElec   .          Harm     .   (no cloak)
rCorr   .          Rampage  .   (gloves unavailable)
Will    .....                   (boots unavailable)
Stlth   +.........              (no amulet)
HPRegen 0.13/turn               f - +6 ring of dexterity
MPRegen 0.09/turn               (no ring)

@: lethally poisoned (0 -> -2)
A: large, unfitting armour, tough skin 1
a: Renounce Religion, Fiery Armour, Foxfire Swarm, Rising Flame


You were on level 2 of the Dungeon.
You worshipped Ignis.
Ignis was extremely pleased with you.
You visited 1 branch of the dungeon, and saw 2 of its levels.

You collected 27 gold pieces.

Inventory:

Hand Weapons
 a - a -1 mace of flaming (weapon)
Armour
 b - a +0 robe (worn)
Jewellery
 f - a +6 ring of dexterity (left hand)
Scrolls
 c - a scroll of teleportation {unknown}
 d - a scroll of torment {unknown}
 e - a scroll of immolation {unknown}
 h - a scroll of enchant armour {unknown}


   Skills:
 + Level 4.4 Fighting
 * Level 3.6 Maces & Flails
 + Level 0.6 Dodging
 + Level 1.5 Spellcasting
 + Level 2.9 Fire Magic


You had 3 spell levels left.
You knew the following spells:

 Your Spells              Type           Power      Damage    Failure   Level
a - Scorch                Fire           22%        2d6       9%          2

Your spell library contained the following spells:

 Spells                   Type           Power      Damage    Failure   Level
 Sublimation of Blood     Necr           1%         N/A       30%         2
 Petrify                  Tmut/Erth      1%         N/A       90%         4
 Irradiate                Conj/Tmut      0%         3d14      99%         5


Dungeon Overview and Level Annotations

Branches:
Dungeon (2/15)

Altars:

Shops:
D:1 *


Innate Abilities, Weirdness & Mutations

You are too large for most types of armour.
You have tough skin. (AC +1)


Message History

The adder bites you but does no damage. The adder bites you.
You hit the adder but do no damage.
The adder is heavily wounded.
You feel sick. The adder bites you but does no damage.
Casting: Scorch (safe; 10% risk of failure)
Confirm with . or Enter, or press ? or * to list all spells.
Flames lash the quokka.
You kill the quokka!
You feel sick. The adder barely misses you. The adder bites you.
You hit the adder but do no damage.
The adder is heavily wounded.
You feel sick. The adder bites you.
* * * LOW HITPOINT WARNING * * *
You are more poisoned.
The adder poisons you!
You barely miss the adder.
The adder is heavily wounded.
You feel sick. The adder bites you.
* * * LOW HITPOINT WARNING * * *
The adder bites you.
* * * LOW HITPOINT WARNING * * *
You aren't carrying any potions.
Unknown command.
Okay, then.
Okay, then.
You closely miss the adder.
The adder is heavily wounded.
* * * LOW HITPOINT WARNING * * *
You feel sick. The adder bites you but does no damage.
You sock the adder! You burn the adder.
You kill the adder!
* * * LOW HITPOINT WARNING * * *
You feel sick.
Casting: Scorch (safe; 9% risk of failure)
Confirm with . or Enter, or press ? or * to list all spells.
You don't have enough magic to cast this spell.
* * * LOW HITPOINT WARNING * * *
You feel sick.
You aren't carrying any potions.
You die...

.####.........#
....#.†.......#
....#..########
##.....#####
.....!)....#
###.#.#....##
###...###...###
...gS##
#.....#####
...$##
#####..†@.#
..........
#######
..........
..........
#......r..
..........
..........
.......###


There were no monsters in sight!

Vanquished Creatures
  2 adders (D:2)
  A dart slug (D:1)
  An endoplasm (D:1)
  4 giant cockroaches (D:1)
  2 goblins (D:1)
  5 hobgoblins
  3 jackals (D:1)
  4 kobolds
  2 quokkas
  3 bats (D:1)
  A frilled lizard (D:1)
  3 rats (D:1)
31 creatures vanquished.

Notes
Turn   | Place    | Note
-------+----------+-------------------------------------------
     0 | D:1      | crabbyslav the Ogre Cinder Acolyte began the quest for the
                  | Orb.
     0 | D:1      | Reached XP level 1. HP: 24/24 MP: 2/2
    82 | D:1      | Reached XP level 2. HP: 23/32 MP: 3/3
   748 | D:1      | Reached XP level 3. HP: 36/40 MP: 4/4
   760 | D:1      | Learned a level 2 spell: Scorch
   927 | D:1      | Found Lafuifiunt's General Store.
  1605 | D:2      | HP: 2/40 [poisoned by an adder]
  1607 | D:2      | Succumbed to an adder's poison

Illustrated notes

Levels and vault maps discovered:
D:1:      giann_forest_graveyard, layout_basic, serial_shops, shop,
          chequers_avenue
D:2:      layout_rooms, serial_shops, nicolae_shop_statue_plus

Skill      XL: |  1 |
---------------+----+-----
Maces & Flails | 3 |  3.6
Fighting       | |  4.4
Dodging        | |  0.6
Spellcasting   | |  1.5
Fire Magic     | |  2.9

Action                   || total
-------------------------++-------
Melee: Mace              ||    79
 Cast: Scorch            ||    11
  Use: Potion            ||     1
Armor: Robe              ||    46
Dodge: Dodged            ||    41
